 Dungeon Crawl Stone Soup version 0.32-a0-607-g64ea0e4219 (webtiles) character file.

Game seed: 6876421355576671780

40 ezpacito the Chopper (level 3, 0/29 HPs)
             Began as a Coglin Chaos Knight on Mar 3, 2024.
             Was a Plaything of Xom.
             Slain by a cerulean imp
             ... wielding a +0 spear
             ... summoned by Natasha
              (4 damage)
             ... on level 2 of the Dungeon.
             The game lasted 00:01:27 (796 turns).

ezpacito the Chopper (Coglin Chaos Knight)           Turns: 796, Time: 00:01:28

Health: 0/29       AC:  5    Str: 14    XL:     3   Next: 50%
Magic:  3/3        EV: 11    Int: 11    God:    Xom [*.....]
Gold:   59         SH:  0    Dex: 13    Spells: 2/2 levels left

rFire   . . .        a - +0 hand axe (chaos) {Shi}
rCold   . . .        d - +0 dagger {Tenoch}
rNeg    . . .        b - +2 leather armour
rPois   .            (no helmet)
rElec   .            (no cloak)
rCorr   .            (no gloves)
SInv    .            (no boots)
Will    .....        (amulet unavailable)
Stlth   +            (ring unavailable)
HPRegen 0.24/turn    (ring unavailable)
MPRegen 0.08/turn    (no gizmo)

%: no passive effects
@: slowed, revved, very slow
A: off-hand wielding, slow wielding, warmup strikes, no jewellery
a: Invent Gizmo, Renounce Religion


You were on level 2 of the Dungeon.
You worshipped Xom.
You were a special plaything of Xom.
You visited 1 branch of the dungeon, and saw 2 of its levels.

You collected 59 gold pieces.

Inventory:

Hand Weapons
 a - a +0 hand axe of chaos (weapon) {Shi}
 d - a +0 dagger (offhand) {Tenoch}
Missiles
 i - 3 boomerangs
Armour
 b - a +2 leather armour (worn)
 h - a +2 helmet of see invisible
Scrolls
 c - a scroll of butterflies
 e - a scroll of identify {unknown}
 g - 4 scrolls of teleportation {unknown}
 k - 2 scrolls of summoning {unknown}
 l - a scroll of noise {unknown}
 m - a scroll of blinking {unknown}
Potions
 f - a potion of attraction {unknown}
 j - a potion of haste {unknown}


   Skills:
 * Level 3.2 Fighting
 * Level 3.4 Axes
 + Level 0.6(2.0) Polearms
 * Level 2.1 Armour
 * Level 1.4 Dodging
 + Level 0.4 Stealth
 + Level 0.3 Spellcasting


You had 2 spell levels left.
You didn't know any spells.
Your spell library contained the following spells:

 Spells                   Type           Power      Damage    Failure   Level
 Call Canine Familiar     Summ           0%         N/A       78%         3
 Sigil of Binding         Hex            0%         N/A       78%         3
 Dimensional Bullseye     Hex/Tloc       0%         N/A       99%         4


Dungeon Overview and Level Annotations

Branches:
Dungeon (2/15)

Altars:
Ru

Annotations:
D:2 1 runed translucent door, Crazy Yiuf, Natasha


Innate Abilities, Weirdness & Mutations

You can wield a second weapon in your off-hand.
It takes a long time for you to wield or remove held weapons.
Your first few attacks do less damage.
You cannot equip rings or amulets.


Message History

Natasha casts a spell.
Natasha growls.
Natasha casts a spell at you. The magic dart hits you.
You take 6 damage, and have 23/29 hp.
MASSIVE DAMAGE!!
The cerulean imp hits you from afar with a +0 spear.
Natasha stares at you and mumbles some strange words.
You feel yourself slow down.
You are too injured to fight recklessly!
You take 4 damage, and have 19/29 hp.
You are too injured to fight recklessly!
You are too injured to fight recklessly!
You are too injured to fight recklessly!
You are too injured to fight recklessly!
You are too injured to fight recklessly!
You are too injured to fight recklessly!
You are too injured to fight recklessly!
You are too injured to fight recklessly!
You are too injured to fight recklessly!
You miss Natasha with your +0 dagger.
You closely miss Natasha with your +0 hand axe of chaos.
The cerulean imp hits you from afar with a +0 spear.
Natasha casts a spell at you. The magic dart hits you.
You take 4 damage, and have 15/29 hp.
You hit Natasha with your +0 dagger.
Natasha is lightly wounded.
You closely miss Natasha with your +0 hand axe of chaos.
The cerulean imp hits you from afar with a +0 spear.
Natasha barely misses you.
The cerulean imp hits you but does no damage.
Natasha claws you!
* * * LOW HITPOINT WARNING * * *
You take 11 damage, and have 4/29 hp.
MASSIVE DAMAGE!!
You hit Natasha but do no damage.
Natasha is poisoned.
Natasha is lightly wounded.
You hit Natasha with your +0 dagger.
The cerulean imp hits you from afar with a +0 spear.
You die...
Xom giggles madly!

# # # ##########5###.. ###
#.......@h...... ...
#.##.#######.#.. ... #.##.#
#.# #.##.# #### #.# #.##.#
#.. ....# #.# ###.##†#
#.######...#####.#
#......###.#...........#<..
#....>.........##.........#
#....)##.#.................


You could see Natasha (very poisoned) and a cerulean imp (summoned).

Vanquished Creatures
  An adder (D:2)
  5 dart slugs (D:1)
  4 endoplasms
  2 hobgoblins (D:1)
  2 ball pythons (D:1)
  3 bats (D:1)
  2 frilled lizards (D:1)
  A kobold (D:1)
  3 rats
23 creatures vanquished.

Notes
Turn   | Place    | Note
-------+----------+-------------------------------------------
     0 | D:1      | ezpacito the Coglin Chaos Knight began the quest for the
                  | Orb.
     0 | D:1      | Reached XP level 1. HP: 18/18 MP: 1/1
    42 | D:1      | XOM: potion effect (haste)
    66 | D:1      | Reached skill level 1 in Dodging
   139 | D:1      | Reached XP level 2. HP: 24/24 MP: 2/2
   184 | D:1      | XOM: god gift: 3 stones
   310 | D:1      | Reached XP level 3. HP: 29/29 MP: 3/3
   594 | D:2      | Found a runed translucent door.
   595 | D:2      | Noticed Crazy Yiuf
   757 | D:2      | Found a sacrificial altar of Ru.
   789 | D:2      | Noticed Natasha
   796 | D:2      | Slain by a cerulean imp

Illustrated notes

Levels and vault maps discovered:
D:1:      lightli_molten_gateway, layout_basic
D:2:      layout_basic, basic_altar, uniq_crazy_yiuf_cottage, uniq_natasha

Skill      XL: |  1  2 |
---------------+-------+-----
Dodging        | 1 |  1.4
Armour         | 2 |  2.1
Fighting       | |  3.2
Axes           | |  3.4
Polearms       | |  0.6
Stealth        | |  0.4
Spellcasting   | |  0.3

Action                     || total
---------------------------++-------
  Melee: Hand axe          ||    40
         Dagger            ||    38
   Stab: Sleeping          ||     1
 Armour: Leather armour    ||    34
  Dodge: Dodged            ||    35

Table legend: (Time is in decaauts)
 A = Elapsed time spent in this place.
 B = Non-inter-level travel time spent in this place.
 C = Inter-level travel time spent in this place.
 D = Time resting spent in this place.
 E = Time spent auto-exploring this place.
 F = Levels seen in this place.
 G = Mean time per level.
                   A        B        C        D        E       F      G
               +--------+--------+--------+--------+--------+-----+--------+
         Total |    780 |    768 |     12 |      0 |    601 |   2 |  390.0 |
       Dungeon |    780 |    768 |     12 |      0 |    601 |   2 |  390.0 |
               +--------+--------+--------+--------+--------+-----+--------+

Top non-repeatable levels by time:
     D:1: 555 daAuts
     D:2: 225 daAuts
